 Dungeon Crawl Stone Soup version 0.19.1-1-g22dce08 (webtiles) character file.

2946 kae the Cleaver (level 9, -2/81 HPs)
             Began as a Hill Orc Fighter on Jan 1, 2017.
             Was a Priest of Beogh.
             Killed from afar by Erica (21 damage)
             ... with a bolt of poison
             ... on level 10 of the Dungeon.
             The game lasted 00:07:43 (9038 turns).

kae the Cleaver (Hill Orc Fighter)                  Turns: 9038, Time: 00:07:44

Health: -2/81      AC: 11    Str: 27    XL:     9   Next: 80%
Magic:  13/13      EV:  7    Int: 11    God:    Beogh [***...]
Gold:   726        SH: 10    Dex: 10    Spells: 0 memorised, 8 levels left

rFire  + + .     SeeInvis +     a - +1 war axe
rCold  . . .     Gourm    +     b - +0 scale mail
rNeg   + . .     Faith    .     c - +0 shield
rPois  .         Spirit   .     (no helmet)
rElec  .         Reflect  .     u - +1 cloak
rCorr  .         Harm     .     (no gloves)
MR     +....                    y - +0 pair of boots
Stlth  ..........               E - amulet of the gourmand
                                w - ring of Reugo {rF++ MR+ Int+3 SInv}
                                t - ring of positive energy

@: mighty, lethally poisoned (-2 -> -25)
A: no striking features
a: Smiting, Renounce Religion


You were on level 10 of the Dungeon.
You worshipped Beogh.
Beogh was most pleased with you.
You were not hungry.

You visited 1 branch of the dungeon, and saw 10 of its levels.

You collected 726 gold pieces.

Inventory:

Hand Weapons
 a - a +1 war axe (weapon)
Armour
 b - a +0 scale mail (worn)
 c - a +0 shield (worn)
 u - a +1 cloak (worn)
 y - a +0 pair of boots (worn)
Jewellery
 h - an uncursed ring of resist corrosion
 t - a ring of positive energy (left hand)
 w - the ring of Reugo (right hand) {rF++ MR+ Int+3 SInv}
   (You found it on level 4 of the Dungeon)

   [ring of see invisible]

   It affects your intelligence (+3).
   It greatly protects you from fire.
   It affects your resistance to hostile enchantments.
   It lets you see invisible.
 E - an amulet of the gourmand (around neck)
Wands
 x - a wand of polymorph (13/24)
 G - a wand of flame (14/48)
 I - a wand of digging (10/24)
 L - a wand of paralysis (16/24)
 M - a wand of random effects (28/48)
 N - a wand of lightning (7/15)
Scrolls
 g - a scroll of recharging
 i - 3 scrolls of blinking
 k - 6 scrolls of magic mapping
 s - a scroll of acquirement {unknown}
 z - 2 scrolls of teleportation
 A - 4 scrolls of enchant weapon
 B - a scroll of fear
 H - a scroll of remove curse
 K - a scroll of enchant armour
Potions
 d - a potion of might
 e - 2 potions of cancellation
 j - 4 potions of curing
 m - a potion of beneficial mutation {unknown}
 o - 2 potions of lignification {unknown}
 q - 6 potions of brilliance
 r - 3 potions of heal wounds
 C - 3 potions of agility
 D - a potion of mutation {unknown}
 F - 2 potions of degeneration {unknown}
 J - a potion of berserk rage {unknown}
Comestibles
 f - 11 bread rations
 l - 3 fruits
 n - 2 beef jerkies
 p - 2 royal jellies
 v - 3 meat rations
 P - a chunk of flesh


   Skills:
 + Level 7.9 Fighting
 * Level 11.4 Axes
 + Level 7.6 Armour
 - Level 3.2 Shields
 + Level 6.5 Invocations


You had 8 spell levels left.
You didn't know any spells.

Dungeon Overview and Level Annotations

Branches:
Dungeon (10/15)            Temple (0/1) D:5
   Lair: D:8-11         Orc: D:9-12

Altars:
Dithmenos
Elyvilon
Fedhas
Hepliaklqana
Makhleb
Qazlal
Ru
Sif Muna
Trog
Uskayaw
Vehumet
Yredelemnul
The Shining One

Annotations:
D:10 Erica, Maurice


Message History

You block the hound skeleton's attack.
You slash Erica!
Erica is moderately wounded.
Your shield and scale mail prevent you from hitting the hound skeleton.
You hit the plant.
You feel sick.
Maurice disappears!
The hound skeleton bites you but does no damage.
Erica hits you with a scimitar of flaming!
* * * LOW HITPOINT WARNING * * *
Erica burns you.
* * * LOW HITPOINT WARNING * * *
You closely miss Erica.
Erica is moderately wounded.
You closely miss the hound skeleton. You slash the plant!
You barely miss the ogre.
You feel sick. You block the hound skeleton's attack.
The ogre completely misses you.
The hound skeleton bites you but does no damage.
Erica gestures at you while chanting. The bolt of poison hits you!
You are lethally poisoned!
You die...

#....#...†#########
#.....[.@.#........ #+
####.......#........ ...
#....P.P.††.........
....#P..PP.PP...........
....#.PP.....P..........
............P..P.........
.......§P.####P..†.......
...##...@.# #..†P.......
.......Z@O# #P..........
_......†..#+##...........
......†.....P.†....######
.....§..PP...PPPP......
...).#....P.P...........
.....#.(.....P..........
.... #.......P..#.......
... #.....#....#.......


You could see Erica (invisible), Maurice (invisible), an ogre and a hound
skeleton.

Vanquished Creatures
  Grinder (D:3)
  A spriggan (D:8)
  A yak (D:10)
  A black bear (D:9)
  3 orc warriors
  A phantom (D:7)
  A sky beast (D:7)
  3 ogres
  3 centaurs
  A crocodile (D:10)
  A big kobold (D:8)
  The ghost of bombpersons the Magician, an amateur DEWz (D:3)
  A bullfrog (D:6)
  A scorpion (D:4)
  A howler monkey (D:10)
  2 crimson imps
  2 orc priests
  4 hounds
  2 jellies
  2 centaur skeletons
  Crazy Yiuf (D:6)
  A bullfrog skeleton (D:8)
  4 orc wizards
  Jessica (D:3)
  3 iguanas
  4 worker ants
  3 hound skeletons (D:5)
  A worker ant zombie (D:5)
  A howler monkey skeleton (D:5)
  12 adders
  A river rat (D:10)
  2 oozes
  2 worms
  5 dart slugs
  3 leopard geckos
  25 orcs
  12 bats
  4 giant cockroaches
  11 goblins
  9 hobgoblins
  4 jackals
  5 kobolds
  6 quokkas
  A ball python (D:3)
  6 frilled lizards
  A quokka skeleton (D:6)
  2 quokka zombies
  23 rats
  6 fungi (D:10)
  5 plants (D:10)
197 creatures vanquished.

Vanquished Creatures (others)
  A quokka (D:3)
1 creature vanquished.

Grand Total: 198 creatures vanquished

Notes
Turn   | Place    | Note
-------+----------+-------------------------------------------
     0 | D:1      | kae the Hill Orc Fighter began the quest for the Orb.
     0 | D:1      | Reached XP level 1. HP: 19/19 MP: 1/1
   162 | D:1      | Reached skill level 3 in Axes
   212 | D:1      | Reached XP level 2. HP: 23/27 MP: 2/2
   366 | D:1      | Reached XP level 3. HP: 33/33 MP: 3/3
   459 | D:1      | Reached skill level 4 in Axes
  1419 | D:2      | Found a hazy altar of Hepliaklqana.
  1447 | D:2      | Reached XP level 4. HP: 37/40 MP: 4/4
  1713 | D:3      | Noticed Grinder
  1713 | D:3      | Paralysed by Grinder for 4 turns
  1716 | D:3      | Noticed bombpersons's ghost (amateur DEWz)
  1822 | D:3      | Noticed Jessica
  1833 | D:3      | Killed Jessica
  1940 | D:3      | Reached skill level 5 in Axes
  1940 | D:3      | Reached XP level 5. HP: 30/47 MP: 5/5
  2171 | D:3      | Killed bombpersons's ghost
  2171 | D:3      | Reached skill level 5 in Fighting
  2171 | D:3      | Reached XP level 6. HP: 49/56 MP: 6/6
  2259 | D:3      | Reached skill level 6 in Axes
  2302 | D:3      | Became a worshipper of Beogh the Brigand
  2348 | D:3      | Killed Grinder
  2824 | D:4      | Reached skill level 7 in Axes
  2824 | D:4      | Reached XP level 7. HP: 61/61 MP: 7/7
  2833 | D:4      | Reached skill level 5 in Armour
  2833 | D:4      | Reached skill level 1 in Invocations
  2882 | D:4      | Got a scorched amber ring
  2944 | D:4      | Found a hide-covered altar of Uskayaw.
  3389 | D:4      | HP: 1/62 [orc priest/divine providence (12)]
  3794 | D:4      | Reached * piety under Beogh
  4170 | D:5      | Entered Level 5 of the Dungeon
  4174 | D:5      | Identified the ring of Reugo {rF++ MR+ Int+3 SInv} (You found it on level 4 of the Dungeon)
  4233 | D:5      | Reached skill level 8 in Axes
  4489 | D:5      | Reached XP level 8. HP: 19/70 MP: 10/10
  4738 | D:5      | Found a staircase to the Ecumenical Temple.
  4821 | D:5      | Found a glowing golden altar of the Shining One.
  5348 | D:6      | Reached skill level 9 in Axes
  5428 | D:6      | Found a bloodstained altar of Trog.
  5446 | D:6      | Found a sacrificial altar of Ru.
  5447 | D:6      | Found a stormy altar of Qazlal.
  5448 | D:6      | Found a shadowy altar of Dithmenos.
  5463 | D:6      | Found a radiant altar of Vehumet.
  5463 | D:6      | Found a white marble altar of Elyvilon.
  5463 | D:6      | Found a bloodstained altar of Trog.
  5464 | D:6      | Found a deep blue altar of Sif Muna.
  5468 | D:6      | Found a burning altar of Makhleb.
  5845 | D:6      | Found a basalt altar of Yredelemnul.
  5960 | D:6      | Found a runed door.
  6353 | D:6      | Noticed Crazy Yiuf
  6357 | D:6      | Killed Crazy Yiuf
  7004 | D:7      | Reached skill level 5 in Invocations
  7004 | D:7      | Reached XP level 9. HP: 64/79 MP: 12/12
  7156 | D:7      | Reached ** piety under Beogh
  7156 | D:7      | Reached skill level 10 in Axes
  8646 | D:10     | Entered Level 10 of the Dungeon
  8707 | D:10     | Reached skill level 11 in Axes
  8986 | D:10     | Reached *** piety under Beogh
  9005 | D:10     | Found a blossoming altar of Fedhas.
  9010 | D:10     | Noticed Maurice
  9023 | D:10     | Noticed Erica
  9038 | D:10     | Killed from afar by Erica

Skill      XL: |  1  2  3  4  5  6  7  8  9 |
---------------+----------------------------+-----
Axes           | 3 4 5 7 8 9 11 | 11.4
Fighting       | 4 5 6 7 |  7.9
Armour         | 4 5 6 7 |  7.6
Invocations    | 3 5 6 |  6.5
Shields        | |  3.2

Action                   |  1- 3 |  4- 6 |  7- 9 || total
-------------------------+-------+-------+-------++-------
Melee: War axe           |   119 |    99 |   478 ||   696
Invok: Convert to Beogh  |       |     1 |       ||     1
  Use: Scroll            |     1 |     6 |    12 ||    19
       Potion            |       |       |     2 ||     2
  Eat: Chunk             |     2 |     3 |    19 ||    24
       Fruit             |       |       |     3 ||     3
       Pizza             |       |       |     1 ||     1
Armor: Scale mail        |    72 |    48 |   164 ||   284
Dodge: Dodged            |    42 |    34 |   128 ||   204
Block: Shield            |    58 |    54 |   180 ||   292
